 Dungeon Crawl Stone Soup version 0.25.0-46-gbd7b0854d2 (webtiles) character file.

Game seed: 18307507405127122069

155 Ethylacetat the Poker (level 5, -1/49 HPs)
             Began as a Naga Gladiator on July 14, 2020.
             Killed from afar by Sigmund (4 damage)
             ... with a magic dart
             ... on level 3 of the Dungeon.
             The game lasted 00:03:08 (2743 turns).

Ethylacetat the Poker (Naga Gladiator)              Turns: 2743, Time: 00:03:08

Health: -1/49      AC:  4    Str: 17    XL:     5   Next: 37%
Magic:  5/5        EV: 10    Int:  9    God:
Gold:   183        SH:  0    Dex: 12    Spells: 4/4 levels left

rFire    . . .     SeeInvis +   a - +0 trident
rCold    . . .     Gourm    .   (no shield)
rNeg     . . .     Faith    .   b - +0 leather armour
rPois    +         Spirit   .   c - +0 helmet
rElec    .         Reflect  .   (no cloak)
rCorr    .         Harm     .   (no gloves)
MR       .....                  (no barding)
Stlth    +.........             (no amulet)
HPRegen  0.16/turn              (no ring)
MPRegen  0.09/turn              (no ring)

@: short of breath, very slow
A: large, see invisible, deformed body, poison resistance, slowness 2, slow
metabolism 1, spit poison 1, AC +1
a: Spit Poison


You were on level 3 of the Dungeon.
You were hungry.

You visited 1 branch of the dungeon, and saw 3 of its levels.

You collected 183 gold pieces.

Inventory:

Hand Weapons
 a - a +0 trident (weapon)
Missiles
 d - 4 throwing nets (quivered)
Armour
 b - a +0 leather armour (worn)
 c - a +0 helmet (worn)
Jewellery
 m - a cursed -4 ring of strength {unknown}
Wands
 q - a wand of acid (9)
 y - a wand of paralysis (8)
Scrolls
 e - 2 scrolls of noise {unknown}
 g - 5 scrolls of identify {unknown}
 k - 3 scrolls of remove curse {unknown}
 l - a scroll of fog {unknown}
 n - 3 scrolls of teleportation {unknown}
 s - a scroll of blinking {unknown}
 t - a scroll of immolation {unknown}
 u - a scroll of enchant weapon {unknown}
 w - a scroll of enchant armour {unknown}
 x - a scroll of magic mapping {unknown}
Potions
 h - a potion of flight {unknown}
 i - 4 potions of haste {unknown}
 j - 2 potions of invisibility {unknown}
 o - a potion of brilliance {unknown}
 p - 2 potions of heal wounds {unknown}
 r - 2 potions of curing {unknown}
 v - 2 potions of resistance {unknown}
Comestibles
 f - 8 rations


   Skills:
 + Level 3.4 Fighting
 * Level 5.1 Polearms
 - Level 1.7 Throwing
 - Level 2.4 Dodging


You had 4 spell levels left.
You didn't know any spells.
Your spell library was empty.

Dungeon Overview and Level Annotations

Branches:
Dungeon (3/15)

Altars:
Ru

Annotations:
D:3 Sigmund


Innate Abilities, Weirdness & Mutations

You cannot wear boots.
Your serpentine skin is tough. (AC +1)
You have supernaturally acute eyesight. (SInv)
Armour fits poorly on your strangely shaped body.
Your system is resistant to poisons. (rPois)
You cover ground very slowly.
You have a slow metabolism.
You can spit poison.


Message History

Sigmund gestures wildly while chanting.
Sigmund flickers and vanishes for a moment.
Sigmund screams, "Don't try to resist!"
Attack whom?
Press: ? - help, Dir - move target cursor, f/p - Sigmund
Aim: Sigmund, wielding a +5 scythe of flaming and wearing a +0 robe (almost dead, slightly transparent)
You reach to attack!
You hit Sigmund but do no damage.
Sigmund is almost dead.
Sigmund hits you from afar with a +5 scythe of flaming!
* * * LOW HITPOINT WARNING * * *
Sigmund burns you.
* * * LOW HITPOINT WARNING * * *
Attack whom?
Press: ? - help, Dir - move target cursor, f/p - Sigmund
Aim: Sigmund, wielding a +5 scythe of flaming and wearing a +0 robe (almost dead, slightly transparent)
You reach to attack!
You closely miss Sigmund.
Sigmund is almost dead.
Sigmund gestures at you while chanting. The magic dart hits you.
You die...

# ##.. ........
#.####..## #.# ###
........ #........
#.##.... ........
........####........
........
#..............
...#+#.##.
###.....##..#
##.###.##.
#....@...>+
+......รท..
#...#.##.##
##.###.##. #...#.##@#
.. ...##. #.....@..#
#+## ######.
##..####.# #.###.# .(
..........####.....##
#.
###............#....#
#.
##.#########.#....#
.. # #######.#....#
## ........#....# .
........#....# #


You could see Sigmund (invisible).

Vanquished Creatures
  A hound (D:3)
  3 gnolls (D:3)
  3 adders
  An ooze (D:2)
  3 worms
  2 dart slugs (D:1)
  A leopard gecko (D:1)
  A ball python (D:2)
  A bat (D:1)
  8 giant cockroaches
  3 goblins
  2 hobgoblins
  8 jackals
  10 kobolds
  2 frilled lizards
  2 rats
51 creatures vanquished.

Notes
Turn   | Place    | Note
-------+----------+-------------------------------------------
     0 | D:1      | Ethylacetat the Naga Gladiator began the quest for the Orb.
     0 | D:1      | Reached XP level 1. HP: 19/19 MP: 1/1
    11 | D:1      | Noticed a centaur
   152 | D:1      | Reached XP level 2. HP: 23/26 MP: 2/2
   565 | D:1      | Reached XP level 3. HP: 33/33 MP: 3/3
  1091 | D:2      | Reached skill level 4 in Polearms
  1310 | D:2      | Reached XP level 4. HP: 37/40 MP: 4/4
  1596 | D:2      | Found a sacrificial altar of Ru.
  2388 | D:3      | Reached XP level 5. HP: 24/49 MP: 5/5
  2584 | D:3      | Reached skill level 5 in Polearms
  2726 | D:3      | Noticed Sigmund
  2743 | D:3      | Killed from afar by Sigmund

Illustrated notes

Levels and vault maps discovered:
D:1:      evilmike_arrival_come_back, layout_loops_ring, serial_bayou_lagoon_a
D:2:      layout_rooms, lemuel_crystal_altar
D:3:      layout_basic, serial_glass, glass_columns_a, glass_columns_b,
          first_ration, uniq_sigmund

Skill      XL: |  1  2  3  4  5 |
---------------+----------------+-----
Polearms       | 4 5 |  5.1
Fighting       | 3 |  3.4
Throwing       | |  1.7
Dodging        | |  2.4

Action                   |  1- 3 |  4- 6 || total
-------------------------+-------+-------++-------
Melee: Trident           |    82 |    62 ||   144
 Abil: Spit Poison       |     6 |     8 ||    14
  Eat: Chunk             |     1 |     3 ||     4
Armor: Leather armour    |    21 |     7 ||    28
Dodge: Dodged            |    52 |    14 ||    66
